 Dungeon Crawl Stone Soup version 0.30-a0-557-ge2afbf3030 (webtiles) character file.

Game seed: 510189746619600988

975 jfcaron the Covert (level 8, 0/63 HPs)
             Began as a Gnoll Brigand on Dec 27, 2022.
             Was a Follower of Uskayaw.
             Slain by an orc wizard
             ... wielding a +3 dagger of electrocution
              (15 damage)
             ... on level 6 of the Dungeon.
             The game lasted 00:10:33 (4872 turns).

jfcaron the Covert (Gnoll Brigand)                  Turns: 4872, Time: 00:10:33

Health: 0/63       AC: 12    Str: 13    XL:     8   Next: 16%
Magic:  12/12      EV:  7    Int: 11    God:    Uskayaw [*.....]
Gold:   311        SH:  0    Dex: 13    Spells: 13/13 levels left

rFire   . . .      SeeInvis .    a - +2 dagger (freeze)
rCold   . . .      Faith    .    (no shield)
rNeg    . . .      Spirit   .    e - +0 chain mail
rPois   .          Reflect  .    q - +0 helmet
rElec   .          Harm     .    c - +0 cloak
rCorr   .          Rampage  .    (no gloves)
Will    .....                    i - +0 pair of boots
Stlth   +                        (no amulet)
HPRegen 0.30/turn                n - ring of flight
MPRegen 0.13/turn                (no ring)

@: flying
A: fangs 1, strong nose, distributed training
a: Renounce Religion, Stomp


You were on level 6 of the Dungeon.
You worshipped Uskayaw.
Uskayaw was noncommittal.
You visited 1 branch of the dungeon, and saw 6 of its levels.

You collected 311 gold pieces.

Inventory:

Hand Weapons
 a - a +2 dagger of freezing (weapon)
 t - a +0 vampiric falchion
Missiles
 d - 7 poisoned darts
 g - 23 stones (quivered)
 l - 2 boomerangs
 v - 2 curare-tipped darts {!f}
 w - 8 javelins
Armour
 c - a +0 cloak (worn)
 e - a +0 chain mail (worn)
 i - a +0 pair of boots (worn)
 p - a +0 ring mail
 q - a +0 helmet (worn)
Jewellery
 n - a ring of flight (left hand)
Scrolls
 f - 3 scrolls of fog
 h - 2 scrolls of teleportation
 m - a scroll of noise
 r - a scroll of brand weapon
 u - a scroll of amnesia
Potions
 b - a potion of might
 j - a potion of magic
 k - 2 potions of attraction
 o - a potion of brilliance
 s - a potion of heal wounds {unknown}


   Skills:
 + Level 5.6 Fighting
 + Level 5.6 Short Blades
 + Level 3.1 Long Blades
 + Level 3.1 Axes
 + Level 3.1 Maces & Flails
 + Level 3.1 Polearms
 + Level 3.1 Staves
 + Level 3.1 Ranged Weapons
 + Level 5.6 Throwing
 + Level 3.1 Armour
 + Level 4.1 Dodging
 + Level 8.4 Stealth
 + Level 3.1 Shields
 + Level 3.1 Unarmed Combat
 + Level 3.1 Spellcasting
 + Level 2.5 Conjurations
 + Level 2.5 Hexes
 + Level 2.5 Summonings
 + Level 2.5 Necromancy
 + Level 2.5 Translocations
 + Level 2.5 Transmutations
 + Level 2.5 Fire Magic
 + Level 2.5 Ice Magic
 + Level 2.5 Air Magic
 + Level 2.5 Earth Magic
 + Level 2.5 Poison Magic
 + Level 3.4 Invocations
 + Level 3.1 Evocations


You had 13 spell levels left.
You didn't know any spells.
Your spell library contained the following spells:

 Spells                   Type           Power      Damage    Failure   Level
 Gell's Gravitas          Tloc           7%         N/A       100%        3
 Ozocubu's Armour         Ice            7%         N/A       100%        3
 Teleport Other           Tloc           7%         N/A       100%        3
 Dispersal                Tloc           3%         N/A       100%        6
 Ozocubu's Refrigeration  Ice            3%         4d8       100%        7


Dungeon Overview and Level Annotations

Branches:
Dungeon (6/15)
 Temple: D:4-7

Altars:
Gozag
Uskayaw
Zin


Innate Abilities, Weirdness & Mutations

You have very sharp teeth.
Your uncanny sense of smell can sniff out nearby items.
Your experience applies equally to all skills.


Message History

You feel sick. The scorpion barely misses you.
You barely miss the scorpion.
You bite the scorpion, but do no damage.
The scorpion is severely wounded.
You feel sick.
You kill the scorpion!
You feel sick.
d - 7 poisoned darts (gained 1)
You see here a scorpion corpse.
You feel sick.
You start resting.
You feel sick. x4
You are no longer poisoned.
You start resting.
An orc comes into view. It is wielding a +0 flail.
An orc is nearby!
You are too injured to fight recklessly!
The orc shouts!
You hear a shout!
You reach down and open the door.
The orc attacks as you move away! The orc hits you but does no damage.
There is an open door here.
You hit the orc. You freeze the orc.
The orc is heavily wounded.
The orc hits you with a +0 flail.
* * * LOW HITPOINT WARNING * * *
You closely miss the orc. You bite the orc.
The orc is heavily wounded.
The orc barely misses you.
You closely miss the orc.
The orc is heavily wounded.
You hit the orc. You freeze the orc.
You kill the orc!
An orc wizard comes into view.
It is wielding a +3 dagger of electrocution.
You reach down and close the door.
You start resting.
An orc comes into view. It is wielding a +0 hand axe.
There are monsters nearby!
The orc shouts!
The orc wizard hits you but does no damage.
You are electrocuted!
You die...

###>....## ##.....###.# #.#..#
.........# ##.......##.###..#.#
.........###.........#)##...#.###
.##........'.........'...........
.##.#....###.........####...#####
.##..#.#.# ##.......## ##.##
.###.#.#.# ##.....## ##.# .#
#.#.#.# ##...## #..# .###.#.#.#
##@## #.## .........# #o# #.#
.........## #o# #.#
.###.##...######.########.# .#
#.##..........>......#.# .#
#.##...####..........#.# .#
#.....## ##.........#.# .#
#####.# ##..........# .# #.#
#........###


You could see an orc wizard and an orc.

Vanquished Creatures
  3 ogres (D:4)
  2 phantoms (D:6)
  A centaur (D:6)
  3 scorpions
  3 orc priests
  2 hounds (D:5)
  6 adders
  A shadow imp (D:5)
  An ufetubus (D:5)
  3 worms
  24 orcs
  5 bats
  4 endoplasms
  2 giant cockroaches
  4 goblins
  6 hobgoblins
  4 jackals (D:3)
  4 kobolds
  3 quokkas
  4 ball pythons
  2 frilled lizards (D:2)
  6 rats
  A plant (D:1)
94 creatures vanquished.

Notes
Turn   | Place    | Note
-------+----------+-------------------------------------------
     0 | D:1      | jfcaron the Gnoll Brigand began the quest for the Orb.
     0 | D:1      | Reached XP level 1. HP: 20/20 MP: 1/1
   329 | D:1      | Reached XP level 2. HP: 26/26 MP: 2/2
   808 | D:2      | HP: 4/26 [poisoned by an adder]
   809 | D:2      | Reached XP level 3. HP: 5/31 MP: 2/4
   813 | D:2      | HP: 3/46 [poisoned by an adder]
   815 | D:2      | HP: 1/46 [poisoned by an adder]
   979 | D:2      | Reached skill level 1 in Invocations
  1175 | D:2      | You fall into a shaft and drop 2 floors!
  1241 | D:4      | Reached skill level 1 in Long Blades
  1241 | D:4      | Reached skill level 1 in Axes
  1241 | D:4      | Reached skill level 1 in Maces & Flails
  1241 | D:4      | Reached skill level 1 in Polearms
  1241 | D:4      | Reached skill level 1 in Staves
  1241 | D:4      | Reached skill level 1 in Ranged Weapons
  1241 | D:4      | Reached skill level 1 in Armour
  1241 | D:4      | Reached skill level 1 in Shields
  1241 | D:4      | Reached skill level 1 in Unarmed Combat
  1241 | D:4      | Reached skill level 1 in Spellcasting
  1241 | D:4      | Reached skill level 1 in Evocations
  1368 | D:4      | Noticed an ogre
  1383 | D:4      | Killed an ogre
  1384 | D:4      | Reached skill level 1 in Conjurations
  1384 | D:4      | Reached skill level 1 in Hexes
  1384 | D:4      | Reached skill level 1 in Summonings
  1384 | D:4      | Reached skill level 1 in Necromancy
  1384 | D:4      | Reached skill level 1 in Translocations
  1384 | D:4      | Reached skill level 1 in Transmutations
  1384 | D:4      | Reached skill level 1 in Fire Magic
  1384 | D:4      | Reached skill level 1 in Ice Magic
  1384 | D:4      | Reached skill level 1 in Air Magic
  1384 | D:4      | Reached skill level 1 in Earth Magic
  1384 | D:4      | Reached skill level 1 in Poison Magic
  1384 | D:4      | Reached XP level 4. HP: 38/38 MP: 4/6
  1384 | D:4      | Reached XP level 5. HP: 43/43 MP: 4/7
  1466 | D:4      | Noticed an ogre
  1492 | D:4      | Killed an ogre
  1493 | D:4      | Reached skill level 8 in Stealth
  1569 | D:4      | Reached XP level 6. HP: 49/50 MP: 8/8
  1724 | D:2      | Found a faded altar of an unknown god.
  2251 | D:3      | Reached skill level 5 in Fighting
  2251 | D:3      | Reached skill level 5 in Short Blades
  2251 | D:3      | Reached skill level 5 in Throwing
  2276 | D:3      | Found a glowing silver altar of Zin.
  3119 | D:4      | Found a hide-covered altar of Uskayaw.
  3425 | D:4      | Became a worshipper of Uskayaw the Reveller
  3466 | D:5      | Entered Level 5 of the Dungeon
  3573 | D:5      | Reached * piety under Uskayaw
  3679 | D:5      | Found an opulent altar of Gozag.
  3721 | D:5      | Reached XP level 7. HP: 56/56 MP: 10/10
  3774 | D:5      | Reached ** piety under Uskayaw
  4169 | D:5      | Reached *** piety under Uskayaw
  4180 | D:5      | Reached **** piety under Uskayaw
  4704 | D:6      | Reached XP level 8. HP: 52/63 MP: 12/12
  4841 | D:6      | HP: 12/63 [poisoned by a scorpion]
  4872 | D:6      | Slain by an orc wizard

Illustrated notes

Levels and vault maps discovered:
D:1:      grunt_arrival_lava_bath, layout_basic, serial_forest,
          infiniplex_forest_end_3, infiniplex_forest_clump_tiny,
          infiniplex_forest_clump_cross, infiniplex_forest_clump_small,
          infiniplex_forest_clump_medium, infiniplex_forest_straight_2,
          infiniplex_forest_clump_small, infiniplex_forest_lined_4_way
D:2:      layout_loops_ring, dreamdust_ecumenical_altar_statues
D:3:      layout_basic, mainiacjoe_overflow_six_doors_small, minmay_box_of_dots
D:4:      layout_basic, nicolae_uskayaw_suspiria, hangedman_decor_growths
D:5:      layout_basic, nicolae_gozag_seed_capital
D:6:      layout_loops_corners, ebering_ghost_gozag

Skill      XL: |  1  2  3  4  5  6  7 |
---------------+----------------------+-----
Invocations    | 1 2 3 |  3.4
Long Blades    | 1 2 3 |  3.1
Axes           | 1 2 3 |  3.1
Maces & Flails | 1 2 3 |  3.1
Polearms       | 1 2 3 |  3.1
Staves         | 1 2 3 |  3.1
Ranged Weapons | 1 2 3 |  3.1
Armour         | 1 2 3 |  3.1
Shields        | 1 2 3 |  3.1
Unarmed Combat | 1 2 3 |  3.1
Spellcasting   | 1 2 3 |  3.1
Evocations     | 1 2 3 |  3.1
Conjurations   | 1 2 |  2.5
Hexes          | 1 2 |  2.5
Summonings     | 1 2 |  2.5
Necromancy     | 1 2 |  2.5
Translocations | 1 2 |  2.5
Transmutations | 1 2 |  2.5
Fire Magic     | 1 2 |  2.5
Ice Magic      | 1 2 |  2.5
Air Magic      | 1 2 |  2.5
Earth Magic    | 1 2 |  2.5
Poison Magic   | 1 2 |  2.5
Dodging        | 3 4 |  4.1
Stealth        | 8 |  8.4
Fighting       | 5 |  5.6
Short Blades   | 5 |  5.6
Throwing       | 5 |  5.6

Action                   |  1- 3 |  4- 6 |  7- 9 || total
-------------------------+-------+-------+-------++-------
Melee: Dagger            |    40 |   145 |   151 ||   336
       Bite              |       |    15 |    18 ||    33
       Punch             |       |     1 |     3 ||     4
Throw: Stone             |    11 |       |    19 ||    30
       Dart              |    26 |    22 |     6 ||    54
Invok: Line Pass         |       |       |     1 ||     1
  Use: Potion            |     1 |     1 |       ||     2
       Scroll            |       |    10 |     1 ||    11
 Stab: Sleeping          |     6 |     9 |       ||    15
       Distracted        |       |     1 |       ||     1
       Confused          |       |       |     1 ||     1
       Paralysed         |       |       |     1 ||     1
Armor: Robe              |     5 |     5 |       ||    10
       Ring mail         |       |    27 |       ||    27
       Chain mail        |       |       |    84 ||    84
Dodge: Dodged            |    11 |    70 |    31 ||   112

Table legend: (Time is in decaauts)
 A = Elapsed time spent in this place.
 B = Non-inter-level travel time spent in this place.
 C = Inter-level travel time spent in this place.
 D = Time resting spent in this place.
 E = Time spent auto-exploring this place.
 F = Levels seen in this place.
 G = Mean time per level.
                   A        B        C        D        E       F      G
               +--------+--------+--------+--------+--------+-----+--------+
         Total |   4769 |   4463 |    306 |    252 |   3449 |   6 |  794.8 |
       Dungeon |   4769 |   4463 |    306 |    252 |   3449 |   6 |  794.8 |
               +--------+--------+--------+--------+--------+-----+--------+

Top non-repeatable levels by time:
     D:4: 1062 daAuts
     D:5: 1011 daAuts
     D:2: 886 daAuts
     D:3: 782 daAuts
     D:1: 706 daAuts
     D:6: 321 daAuts
